[Event "CCCSA IM Norm C 2019"]
[Site "Charlotte"]
[Date "2019.06.07"]
[Round "3.1"]
[White "Turgut, Aydin"]
[Black "Adamson, Robby"]
[Result "1-0"]
[ECO "C55"]
[WhiteElo "2286"]
[BlackElo "2238"]
[Annotator "RC"]
[PlyCount "83"]
[EventDate "2019.06.05"]
[EventType "tourn"]
[EventCountry "USA"]
[SourceTitle "playchess.com"]
[Source "ChessBase"]
[SourceQuality "1"]
[TimeControl "5400+30"]

1. e4 e5 2. Nf3 Nc6 3. Bc4 Nf6 4. d3 h6 5. O-O d6 6. c3 g6 7. Re1 Bg7 8. Nbd2 O-O 9. Nf1 d5 10. exd5 Nxd5 11. Bb5 Nde7 12. Ng3 Kh7 13. Be3 a6 14. Ba4 b6 15. Qe2 f5 16. Bd2 Qd6 17. c4 f4 18. Ne4 Qd8 19. Bc3 Rb8 20. Ned2 Rf5 21. Bc2 Bb7 22. Nb3 Rh5 23. d4 exd4 24. Nfxd4 Nxd4 25. Bxd4 Nf5 26. Bxf5 Rxf5 27. Qe7 Qf8 28. Qxc7 Rf7 29. Bxg7 Rxg7 30. Qe5 f3 31. Nd4 Rf7 32. Re3 Rc8 33. b3 fxg2 34. Ne6 Qe7 35. Rh3 Rf5 36. Qe3 h5 37. Re1 Rc6 38. Nd4 Qxe3 39. Rhxe3 Rf7 40. Nxc6 Bxc6 41. Re6 Rc7 42. Re7+ 1-0

[Event "CCCSA IM Norm C 2019"]
[Site "Charlotte"]
[Date "2019.06.07"]
[Round "4.5"]
[White "Jacobson, Aaron"]
[Black "Turgut, Aydin"]
[Result "0-1"]
[ECO "C97"]
[WhiteElo "2302"]
[BlackElo "2286"]
[Annotator "RC"]
[PlyCount "58"]
[EventDate "2019.06.05"]
[EventType "tourn"]
[EventCountry "USA"]
[SourceTitle "playchess.com"]
[Source "ChessBase"]
[SourceQuality "1"]
[TimeControl "5400+30"]

1. e4 e5 2. Nf3 Nc6 3. Bb5 a6 4. Ba4 Nf6 5. O-O Be7 6. Re1 b5 7. Bb3 O-O 8. c3 d6 9. h3 Nb8 10. d4 Nbd7 11. Nbd2 c5 12. d5 c4 13. Bc2 Qc7 14. Nf1 Nc5 15. b4 cxb3 16. axb3 Bd7 17. Bd2 a5 18. Qe2 Rfc8 19. Rec1 a4 20. b4 Nb3 21. Bxb3 axb3 22. Rcb1 Qc4 23. Qxc4 bxc4 24. Bg5 Nxe4 25. Rxa8 Rxa8 26. Bxe7 Nxc3 27. Re1 b2 28. N3d2 Ra1 29. Re3 Nxd5 0-1

[Event "CCCSA IM Norm C 2019"]
[Site "Charlotte"]
[Date "2019.06.08"]
[Round "5.1"]
[White "Lorne, Ras Malaku"]
[Black "Adamson, Robby"]
[Result "0-1"]
[ECO "A09"]
[WhiteElo "2159"]
[BlackElo "2238"]
[Annotator "RC"]
[PlyCount "68"]
[EventDate "2019.06.05"]
[EventType "tourn"]
[EventCountry "USA"]
[SourceTitle "playchess.com"]
[Source "ChessBase"]
[SourceQuality "1"]
[TimeControl "5400+30"]

1. Nf3 d5 2. c4 d4 3. b4 Bg4 4. Qa4+ c6 5. Bb2 Bxf3 6. gxf3 e5 7. Na3 Nd7 8. Bh3 Ngf6 9. d3 a5 10. Bxd7+ Nxd7 11. b5 Bb4+ 12. Kf1 Nc5 13. Qd1 Qh4 14. h3 Ne6 15. bxc6 bxc6 16. Nc2 Be7 17. Bc1 O-O 18. Rb1 Bg5 19. Bxg5 Nxg5 20. Rb6 Rac8 21. Qd2 Nxh3 22. e3 Qd8 23. Qxa5 dxe3 24. fxe3 Qxd3+ 25. Kg2 Ng5 26. Ne1 Qe2+ 27. Kg3 Qxe3 28. Rb2 Rfe8 29. Rh4 Rcd8 30. Rf2 h6 31. Nc2 Qd3 32. Nb4 Qd6 33. c5 Qg6 34. Rg4 Rd4 0-1

[Event "CCCSA IM Norm C 2019"]
[Site "Charlotte"]
[Date "2019.06.08"]
[Round "5.3"]
[White "Turgut, Aydin"]
[Black "Bregadze, Levan"]
[Result "1/2-1/2"]
[ECO "B64"]
[WhiteElo "2286"]
[BlackElo "2462"]
[Annotator "RC"]
[PlyCount "87"]
[EventDate "2019.06.05"]
[EventType "tourn"]
[EventCountry "USA"]
[SourceTitle "playchess.com"]
[Source "ChessBase"]
[SourceQuality "1"]
[TimeControl "5400+30"]

1. e4 c5 2. Nf3 d6 3. d4 cxd4 4. Nxd4 Nf6 5. Nc3 Nc6 6. Bg5 e6 7. Qd2 Be7 8. O-O-O O-O 9. f4 Bd7 10. Ndb5 e5 11. Bxf6 Bxf6 12. Qxd6 Bg4 13. Qxd8 Bxd8 14. Be2 Bxe2 15. Nxe2 exf4 16. Nxf4 Bg5 17. g3 Rae8 18. Nd6 Re7 19. h4 Bh6 20. Kb1 b6 21. Nd5 Re6 22. Nf5 Ne5 23. Nc7 Rf6 24. Nd5 Re6 25. Nc7 Rf6 26. Rd5 Ng4 27. Rhd1 g6 28. Nxh6+ Nxh6 29. Rd6 Ng4 30. Rxf6 Nxf6 31. Rd4 h5 32. a4 Rc8 33. Nd5 Kg7 34. Kc1 Ng4 35. c3 Ne5 36. Kc2 Re8 37. Nc7 Re7 38. Nd5 Re8 39. Nc7 Re7 40. b4 Re8 41. Nd5 Nf3 42. Rc4 Ne5 43. Rc7 Nf3 44. Rc4 1/2-1/2

[Event "CCCSA IM Norm C 2019"]
[Site "Charlotte"]
[Date "2019.06.08"]
[Round "6.1"]
[White "Adamson, Robby"]
[Black "Wang, Jason"]
[Result "1/2-1/2"]
[ECO "B41"]
[WhiteElo "2238"]
[BlackElo "2285"]
[Annotator "NA"]
[PlyCount "68"]
[EventDate "2019.06.05"]
[EventType "tourn"]
[EventCountry "USA"]
[SourceTitle "playchess.com"]
[Source "ChessBase"]
[SourceQuality "1"]
[TimeControl "5400+30"]

1. e4 c5 2. Nf3 e6 3. d4 cxd4 4. Nxd4 a6 5. c4 Nf6 6. Nc3 Bb4 7. Qd3 O-O 8. e5 Ne8 9. Bf4 d6 10. Nc2 Bxc3+ 11. Qxc3 dxe5 12. Rd1 Qe7 13. Bxe5 f6 14. Bg3 e5 15. Be2 Be6 16. O-O Nc6 17. f3 Nd6 18. Bf2 Rfc8 19. b3 b5 20. c5 Nf7 21. Rd2 Qb7 22. Qe3 Ne7 23. Qe4 Bd5 24. Qd3 Rd8 25. Qc3 Bc6 26. Rfd1 Nd5 27. Qa5 Rd7 28. Bf1 Rad8 29. Nb4 Nxb4 30. Rxd7 Rxd7 31. Rxd7 Qxd7 32. Qxb4 Ng5 33. h4 Ne6 34. Qa5 Ng5 1/2-1/2

[Event "CCCSA IM Norm C 2019"]
[Site "Charlotte"]
[Date "2019.06.08"]
[Round "6.2"]
[White "Martin Del Campo C., Roberto"]
[Black "Hevia Alejano, Carlos Antonio"]
[Result "1-0"]
[ECO "B28"]
[WhiteElo "2311"]
[BlackElo "2481"]
[Annotator "ChessBase"]
[PlyCount "111"]
[EventDate "2019.06.05"]
[EventType "tourn"]
[EventCountry "USA"]
[SourceTitle "playchess.com"]
[Source "ChessBase"]
[SourceQuality "1"]
[TimeControl "5400+30"]

1. e4 c5 2. Nf3 a6 3. c3 e6 4. d4 d5 5. e5 Bd7 6. Bd3 Bb5 7. Bxb5+ axb5 8. dxc5 Bxc5 9. b4 Bb6 10. Na3 f6 11. Nxb5 fxe5 12. Nxe5 Nf6 13. Qe2 O-O 14. O-O Ne4 15. Be3 Rf5 16. Nf3 Nc6 17. a4 Bc7 18. Nxc7 Qxc7 19. Rfc1 Raf8 20. Nd4 Nxd4 21. cxd4 Qd6 22. f3 Rh5 23. g4 Rh3 24. fxe4 Rff3 25. e5 Qd8 26. Bf2 h5 27. Kh1 hxg4 28. Rg1 Qf8 29. Bg3 Qxb4 30. Raf1 Qxa4 31. Rxf3 gxf3 32. Qe3 Rh5 33. Bf2 Rf5 34. h4 Qd7 35. Rg5 Qf7 36. Rxf5 Qxf5 37. Kh2 b5 38. Kg3 b4 39. Qb3 Qf8 40. Be1 Qf5 41. Qxb4 Qg6+ 42. Kxf3 Qe4+ 43. Kg3 Qe3+ 44. Kg2 Qe4+ 45. Kg1 Qg4+ 46. Kf1 Qf4+ 47. Bf2 Qf3 48. Qd2 Qh1+ 49. Ke2 Qe4+ 50. Qe3 Qc2+ 51. Kf3 Qd1+ 52. Kg3 Qc2 53. Qf3 Qg6+ 54. Qg4 Qf7 55. Be3 Kh7 56. h5 1-0

[Event "CCCSA IM Norm C 2019"]
[Site "Charlotte"]
[Date "2019.06.08"]
[Round "6.3"]
[White "Bregadze, Levan"]
[Black "Balleisen, Aaron"]
[Result "1-0"]
[ECO "A30"]
[WhiteElo "2462"]
[BlackElo "2203"]
[Annotator "ChessBase"]
[PlyCount "97"]
[EventDate "2019.06.05"]
[EventType "tourn"]
[EventCountry "USA"]
[SourceTitle "playchess.com"]
[Source "ChessBase"]
[SourceQuality "1"]
[TimeControl "5400+30"]

1. Nf3 Nf6 2. c4 b6 3. g3 Bb7 4. Bg2 c5 5. O-O g6 6. d4 cxd4 7. Qxd4 Bg7 8. Nc3 O-O 9. Qh4 Qc7 10. Bg5 d6 11. Rac1 Nbd7 12. Nd5 Qd8 13. Nd4 Rb8 14. Rfd1 a6 15. b4 e6 16. Nxf6+ Bxf6 17. Bxf6 Qxf6 18. Bxb7 Qxh4 19. gxh4 Rxb7 20. Nb3 d5 21. cxd5 exd5 22. Rxd5 Nf6 23. Rd6 Kg7 24. Rcc6 Ne4 25. Rd4 Re8 26. a4 Nf6 27. e3 Re5 28. Nd2 Rd5 29. Nf3 Rxd4 30. Nxd4 Nd5 31. b5 axb5 32. axb5 Rd7 33. h5 Rc7 34. Rd6 Rc5 35. hxg6 hxg6 36. Kg2 Kf8 37. e4 Nc3 38. Rxb6 Nxe4 39. Rb8+ Ke7 40. b6 Nd6 41. Ra8 Rc4 42. Nb5 Rb4 43. Ra7+ Ke6 44. Nxd6 Kxd6 45. Rxf7 Ke6 46. Rb7 Rb3 47. Rb8 Kf5 48. b7 Kg4 49. h3+ 1-0

[Event "CCCSA IM Norm C 2019"]
[Site "Charlotte"]
[Date "2019.06.08"]
[Round "6.4"]
[White "Jacobson, Aaron"]
[Black "Lorne, Ras Malaku"]
[Result "1-0"]
[ECO "D26"]
[WhiteElo "2302"]
[BlackElo "2159"]
[Annotator "NA"]
[PlyCount "51"]
[EventDate "2019.06.05"]
[EventType "tourn"]
[EventCountry "USA"]
[SourceTitle "playchess.com"]
[Source "ChessBase"]
[SourceQuality "1"]
[TimeControl "5400+30"]

1. Nf3 Nf6 2. c4 c5 3. Nc3 Nc6 4. e3 e6 5. d4 d5 6. a3 dxc4 7. Bxc4 cxd4 8. exd4 Be7 9. O-O O-O 10. Re1 a6 11. Ba2 b5 12. d5 exd5 13. Nxd5 Nxd5 14. Qxd5 Bb7 15. Qh5 Bf6 16. Ng5 Bxg5 17. Bxg5 Qd6 18. Rad1 Qc7 19. Re4 Rae8 20. Bf6 Ne7 21. Rh4 h6 22. Qxh6 gxh6 23. Rg4+ Kh7 24. Rg7+ Kh8 25. Bb1 Nd5 26. Rh7+ 1-0

[Event "CCCSA IM Norm C 2019"]
[Site "Charlotte"]
[Date "2019.06.08"]
[Round "6.5"]
[White "Turgut, Aydin"]
[Black "Ludwig, John"]
[Result "1/2-1/2"]
[ECO "A41"]
[WhiteElo "2286"]
[BlackElo "2374"]
[Annotator "NA"]
[PlyCount "101"]
[EventDate "2019.06.05"]
[EventType "tourn"]
[EventCountry "USA"]
[SourceTitle "playchess.com"]
[Source "ChessBase"]
[SourceQuality "1"]
[TimeControl "5400+30"]

1. e4 d6 2. d4 Nf6 3. Nc3 c6 4. Nf3 Bg4 5. h3 Bh5 6. g4 Bg6 7. Qe2 e6 8. h4 h5 9. g5 Nfd7 10. Bh3 Be7 11. O-O O-O 12. Ne1 e5 13. f4 exf4 14. Bxf4 Qb6 15. Qe3 Re8 16. Nd3 Nf8 17. Qf2 Nbd7 18. Be3 d5 19. exd5 Bb4 20. dxc6 Bxc3 21. cxb7 Rad8 22. bxc3 Qxb7 23. c4 Nb6 24. Ne5 Rxe5 25. dxe5 Nxc4 26. Bg2 Qc8 27. Rad1 Rxd1 28. Rxd1 Nxe5 29. Bxa7 Ne6 30. Rd2 Ng4 31. Qg3 Qa6 32. Bd4 Qxa2 33. Qb3 Qa5 34. Qc3 Qb5 35. Qb3 Nxd4 36. Rxd4 Qe5 37. Qc3 Qh2+ 38. Kf1 Qxh4 39. Qd2 Qg3 40. Kg1 Ne3 41. Rd8+ Kh7 42. Re8 Nxg2 43. Qxg2 Qxg2+ 44. Kxg2 Bxc2 45. Kg3 Kg6 46. Kh4 Bf5 47. Rh8 Bg4 48. Rf8 f6 49. gxf6 gxf6 50. Ra8 Kf5 51. Ra5+ {[%emt 0:00:30] Ke5} 1/2-1/2

[Event "CCCSA IM Norm C 2019"]
[Site "Charlotte"]
[Date "2019.06.09"]
[Round "7.1"]
[White "Hevia Alejano, Carlos Antonio"]
[Black "Adamson, Robby"]
[Result "1/2-1/2"]
[ECO "A09"]
[WhiteElo "2481"]
[BlackElo "2238"]
[Annotator "RC"]
[PlyCount "156"]
[EventDate "2019.06.05"]
[EventType "tourn"]
[EventCountry "USA"]
[SourceTitle "playchess.com"]
[Source "ChessBase"]
[SourceQuality "1"]
[TimeControl "5400+30"]

1. Nf3 d5 2. c4 d4 3. e3 Nc6 4. d3 dxe3 5. Bxe3 e5 6. Nc3 Nf6 7. d4 exd4 8. Nxd4 Nxd4 9. Qxd4 Be6 10. O-O-O Qxd4 11. Bxd4 c6 12. Bxf6 gxf6 13. Ne4 f5 14. Nd6+ Bxd6 15. Rxd6 Ke7 16. Rd2 Rad8 17. Be2 Rhg8 18. g3 Kf6 19. Rxd8 Rxd8 20. Kc2 Ke5 21. Kc3 c5 22. Re1 Kf6 23. a3 a5 24. f4 b6 25. b3 Rd7 26. Bd3 Rd8 27. Rb1 Ra8 28. Be2 Ke7 29. Bf3 Ra7 30. Re1 Rd7 31. Re5 Kf6 32. Be2 Ra7 33. Bf3 Rd7 34. b4 axb4+ 35. axb4 Rd4 36. Be2 Re4 37. bxc5 bxc5 38. Rxe4 fxe4 39. Kd2 Kg6 40. g4 f5 41. gxf5+ Kxf5 42. Ke3 Bf7 43. Bf1 Bg8 44. Bg2 Bxc4 45. Bxe4+ Kf6 46. Bxh7 Be6 47. Be4 Bh3 48. Kd2 Ke6 49. Kc3 Ke7 50. Kd3 Ke6 51. Bb7 Kf6 52. Bd5 Bf1+ 53. Ke3 Bh3 54. Bc4 Kf5 55. Kf3 Kf6 56. Kg3 Bf5 57. h4 Bg6 58. Kf3 Ke7 59. Bd5 Kf6 60. Kf2 Kf5 61. Kg3 Kf6 62. Kg4 Bd3 63. Kf3 Bg6 64. Ke3 Bh5 65. Bf3 Bg6 66. h5 Bf7 67. h6 Be6 68. Be4 Bc4 69. f5 Bg8 70. Kf4 c4 71. Bb1 c3 72. Bc2 Bh7 73. Kg4 Bg8 74. Kf4 Bh7 75. Ke3 Kg5 76. f6 Kxf6 77. Bxh7 Kg5 78. Kd3 Kf6 1/2-1/2

[Event "CCCSA IM Norm C 2019"]
[Site "Charlotte"]
[Date "2019.06.09"]
[Round "7.4"]
[White "Ludwig, John"]
[Black "Bregadze, Levan"]
[Result "1/2-1/2"]
[ECO "B53"]
[WhiteElo "2374"]
[BlackElo "2462"]
[Annotator "RC"]
[PlyCount "38"]
[EventDate "2019.06.05"]
[EventType "tourn"]
[EventCountry "USA"]
[SourceTitle "playchess.com"]
[Source "ChessBase"]
[SourceQuality "1"]
[TimeControl "5400+30"]

1. e4 c5 2. Nf3 d6 3. d4 cxd4 4. Qxd4 Nc6 5. Bb5 Bd7 6. Bxc6 Bxc6 7. Nc3 a6 8. Bg5 h6 9. Bh4 e5 10. Qe3 g5 11. Bg3 Nf6 12. h4 g4 13. Nd2 b5 14. a3 Be7 15. Nf1 a5 16. Qd3 b4 17. Nd5 Nxd5 18. exd5 Bd7 19. Ne3 Qc8 1/2-1/2

[Event "CCCSA IM Norm C 2019"]
[Site "Charlotte"]
[Date "2019.06.09"]
[Round "7.5"]
[White "Balleisen, Aaron"]
[Black "Martin Del Campo C., Roberto"]
[Result "1-0"]
[ECO "A36"]
[WhiteElo "2203"]
[BlackElo "2311"]
[Annotator "RC"]
[PlyCount "95"]
[EventDate "2019.06.05"]
[EventType "tourn"]
[EventCountry "USA"]
[SourceTitle "playchess.com"]
[Source "ChessBase"]
[SourceQuality "1"]
[TimeControl "5400+30"]

1. c4 g6 2. g3 Bg7 3. Bg2 d6 4. Nc3 Nf6 5. e4 c5 6. Nge2 Nc6 7. O-O O-O 8. d3 Ne8 9. Be3 Nc7 10. d4 b6 11. d5 Na5 12. b3 a6 13. Qd3 b5 14. Rab1 Bd7 15. a3 Rb8 16. Rfc1 e6 17. Nd1 exd5 18. cxd5 Re8 19. b4 c4 20. Qc2 Nb3 21. Rxb3 cxb3 22. Qxb3 Na8 23. Nd4 Nb6 24. Nc6 Bxc6 25. dxc6 Nc4 26. Rxc4 bxc4 27. Qxc4 Qf6 28. Qxa6 Ra8 29. Qd3 Qa1 30. b5 Rxa3 31. Qxd6 Bf8 32. Qd7 Qb1 33. Bf3 Re7 34. Qc8 Rxe3 35. fxe3 Qxb5 36. Nc3 Qb2 37. Ne2 Ra7 38. Kf2 Kg7 39. Qd8 Qe5 40. Qd4 Re7 41. Nf4 Kh6 42. Nd5 Qxd4 43. exd4 Re6 44. c7 Rc6 45. e5 f5 46. Be2 Ba3 47. Ba6 Rc2+ 48. Ke3 1-0

[Event "CCCSA IM Norm C 2019"]
[Site "Charlotte"]
[Date "2019.06.09"]
[Round "8.1"]
[White "Adamson, Robby"]
[Black "Balleisen, Aaron"]
[Result "1/2-1/2"]
[ECO "B22"]
[WhiteElo "2238"]
[BlackElo "2203"]
[Annotator "NA"]
[PlyCount "144"]
[EventDate "2019.06.05"]
[EventType "tourn"]
[EventCountry "USA"]
[SourceTitle "playchess.com"]
[Source "ChessBase"]
[SourceQuality "1"]
[TimeControl "5400+30"]

1. e4 c5 2. Nf3 a6 3. c3 d5 4. exd5 Qxd5 5. d4 Nf6 6. Be3 cxd4 7. cxd4 e6 8. a3 Be7 9. Nc3 Qd6 10. Bd3 O-O 11. O-O Nc6 12. Qe2 Bd7 13. Rad1 Rfd8 14. Rfe1 h6 15. Bc1 Rac8 16. Bb1 Nd5 17. Nxd5 Qxd5 18. Be4 Qb5 19. Bd3 Qh5 20. Qe4 f5 21. Qe2 Bf6 22. Bc4 Kh8 23. Ba2 Re8 24. Bf4 Ne7 25. Be5 Nd5 26. Bxd5 exd5 27. Qd2 Ba4 28. Rc1 Rxc1 29. Rxc1 Bc6 30. Re1 Kh7 31. h3 Qf7 32. Qf4 Bd8 33. Qd2 Re6 34. Qc2 Qg6 35. Kh2 f4 36. Qd2 Qf5 37. Qxf4 Qxf4+ 38. Bxf4 Rxe1 39. Nxe1 g5 40. Be3 Bc7+ 41. Kg1 Kg6 42. f3 Bb5 43. Kf2 a5 44. g4 Bc4 45. Ng2 b6 46. Bd2 Bd6 47. h4 Bb3 48. Be3 Kf6 49. Bd2 Bc7 50. f4 gxh4 51. Nxh4 Bd1 52. Kg3 Bc2 53. Kf3 Be4+ 54. Kf2 Bd8 55. Kg3 Kg7 56. g5 hxg5 57. fxg5 Kf7 58. Kg4 Be7 59. Kh5 Bd3 60. Kg4 Be4 61. Kg3 Bf8 62. Bf4 b5 63. Bd2 b4 64. axb4 axb4 65. Kg4 Ke6 66. Kh5 Bg7 67. Be3 Kf7 68. g6+ Ke6 69. Bf2 Ke7 70. Bg1 Ke6 71. Be3 b3 72. Bf2 Ke7 1/2-1/2

[Event "CCCSA IM Norm C 2019"]
[Site "Charlotte"]
[Date "2019.06.09"]
[Round "8.2"]
[White "Bregadze, Levan"]
[Black "Martin Del Campo C., Roberto"]
[Result "1-0"]
[ECO "E90"]
[WhiteElo "2462"]
[BlackElo "2311"]
[Annotator "ChessBase"]
[PlyCount "69"]
[EventDate "2019.06.05"]
[EventType "tourn"]
[EventCountry "USA"]
[SourceTitle "playchess.com"]
[Source "ChessBase"]
[SourceQuality "1"]
[TimeControl "5400+30"]

1. d4 Nf6 2. c4 g6 3. Nc3 Bg7 4. e4 d6 5. Nf3 O-O 6. h3 e5 7. d5 c6 8. Bg5 a6 9. Be2 cxd5 10. cxd5 b5 11. Nd2 Nbd7 12. O-O h6 13. Be3 Nh7 14. Kh1 f5 15. exf5 gxf5 16. f4 Kh8 17. Nf3 Bb7 18. a3 Rc8 19. Qd2 Nc5 20. Rad1 Ne4 21. Nxe4 fxe4 22. Nh2 exf4 23. Bxf4 Rf5 24. Bxh6 Rxd5 25. Bxg7+ Kxg7 26. Qf4 Rxd1 27. Rxd1 d5 28. Ng4 Qg5 29. Qd6 Rf8 30. a4 Nf6 31. Rf1 Qg6 32. Ne5 Qe8 33. Qc7+ Kg8 34. Rf5 Nh7 35. Rh5 1-0

[Event "CCCSA IM Norm C 2019"]
[Site "Charlotte"]
[Date "2019.06.09"]
[Round "8.3"]
[White "Jacobson, Aaron"]
[Black "Hevia Alejano, Carlos Antonio"]
[Result "1/2-1/2"]
[ECO "B96"]
[WhiteElo "2302"]
[BlackElo "2481"]
[Annotator "ChessBase"]
[PlyCount "44"]
[EventDate "2019.06.05"]
[EventType "tourn"]
[EventCountry "USA"]
[SourceTitle "playchess.com"]
[Source "ChessBase"]
[SourceQuality "1"]
[TimeControl "5400+30"]

1. e4 c5 2. Nf3 d6 3. d4 cxd4 4. Nxd4 Nf6 5. Nc3 a6 6. Bg5 e6 7. f4 Qc7 8. Qe2 Nbd7 9. O-O-O Be7 10. g4 b5 11. a3 Bb7 12. Bxf6 gxf6 13. h4 Nb6 14. Kb1 h6 15. Rg1 Qc5 16. Rg3 Nc4 17. Nb3 Qb6 18. Bh3 Bc8 19. f5 Bd7 20. fxe6 fxe6 21. Nd4 Kf7 22. g5 Ke8 1/2-1/2

[Event "CCCSA IM Norm C 2019"]
[Site "Charlotte"]
[Date "2019.06.09"]
[Round "8.4"]
[White "Turgut, Aydin"]
[Black "Wang, Jason"]
[Result "1-0"]
[ECO "B84"]
[WhiteElo "2286"]
[BlackElo "2285"]
[Annotator "NA"]
[PlyCount "53"]
[EventDate "2019.06.05"]
[EventType "tourn"]
[EventCountry "USA"]
[SourceTitle "playchess.com"]
[Source "ChessBase"]
[SourceQuality "1"]
[TimeControl "5400+30"]

1. e4 c5 2. Nf3 e6 3. d4 cxd4 4. Nxd4 a6 5. Be2 Nf6 6. Nc3 Qc7 7. O-O Be7 8. Be3 O-O 9. f4 d6 10. Qe1 b5 11. a3 Bb7 12. Bd3 Nbd7 13. Nb3 e5 14. Kh1 Rfe8 15. Rd1 exf4 16. Bxf4 Bf8 17. Qh4 Ne5 18. Bg5 Ng6 19. Qe1 Nxe4 20. Nxe4 Re5 21. Bf4 Rxe4 22. Bxe4 Re8 23. Rd4 Nxf4 24. Rxf4 Qxc2 25. Nd2 Qc6 26. Qh4 Rxe4 27. Rdxe4 1-0

[Event "CCCSA IM Norm C 2019"]
[Site "Charlotte"]
[Date "2019.06.09"]
[Round "9.1"]
[White "Martin Del Campo C., Roberto"]
[Black "Adamson, Robby"]
[Result "1/2-1/2"]
[ECO "B14"]
[WhiteElo "2311"]
[BlackElo "2238"]
[Annotator "NA"]
[PlyCount "20"]
[EventDate "2019.06.05"]
[EventType "tourn"]
[EventCountry "USA"]
[SourceTitle "playchess.com"]
[Source "ChessBase"]
[SourceQuality "1"]
[TimeControl "5400+30"]

1. e4 c6 2. d4 d5 3. exd5 cxd5 4. c4 Nf6 5. Nc3 e6 6. Nf3 Bb4 7. cxd5 Nxd5 8. Bd2 Nc6 9. Bd3 O-O 10. O-O Be7 1/2-1/2

[Event "CCCSA IM Norm C 2019"]
[Site "Charlotte"]
[Date "2019.06.10"]
[Round "9.2"]
[White "Wang, Jason"]
[Black "Ludwig, John"]
[Result "1/2-1/2"]
[ECO "D34"]
[WhiteElo "2285"]
[BlackElo "2374"]
[Annotator "ChessBase"]
[PlyCount "120"]
[EventDate "2019.06.05"]
[EventType "tourn"]
[EventCountry "USA"]
[SourceTitle "playchess.com"]
[Source "ChessBase"]
[SourceQuality "1"]
[TimeControl "5400+30"]

1. d4 d5 2. c4 e6 3. Nc3 c5 4. cxd5 exd5 5. Nf3 Nc6 6. g3 Nf6 7. Bg2 Be7 8. O-O O-O 9. b3 Ne4 10. Bb2 Bf6 11. Na4 Re8 12. Rc1 c4 13. bxc4 dxc4 14. Ne5 Bxe5 15. dxe5 Bf5 16. Bxe4 Bxe4 17. Rxc4 Bd5 18. Rg4 Be6 19. Re4 Qxd1 20. Rxd1 Bxa2 21. Nc5 b5 22. Nb7 a5 23. f4 b4 24. f5 a4 25. e6 a3 26. Ba1 fxe6 27. Rd7 Re7 28. Rxe7 Nxe7 29. Rxb4 exf5 30. Nc5 Bd5 31. Nd3 a2 32. Kf2 Be4 33. Ke1 Nc6 34. Rb3 Bd5 35. Rb5 Ra5 36. Rb7 Ra7 37. Rxa7 Nxa7 38. Nb4 Be6 39. Kd2 Nb5 40. Kc2 Kf7 41. Kb2 Nd4 42. Nxa2 Bxa2 43. Kxa2 Nxe2 44. Kb3 g5 45. Kc4 Ng1 46. Kd5 Nf3 47. h3 h5 48. Be5 Kg6 49. Bc7 h4 50. gxh4 Nxh4 51. Bg3 Nf3 52. Bf2 Kf6 53. Bb6 f4 54. Ke4 Nd2+ 55. Kd3 Nf1 56. h4 gxh4 57. Bd8+ Kf5 58. Bxh4 Kg4 59. Bf2 Kf3 60. Bb6 Ne3 1/2-1/2